 Dungeon Crawl Stone Soup version 0.24-a0-443-g80245de385 (webtiles) character file.

Game seed: 17970757676767413927

791214 Inquire the Eye of the Storm (level 27, -11/251 HPs)
             Began as a Demonspawn Gladiator on June 21, 2019.
             Was a Priest of Qazlal.
             Mangled by an Orb Guardian (43 damage)
             ... on level 5 of the Realm of Zot.
             The game lasted 02:22:13 (54472 turns).

Inquire the Eye of the Storm (DsGl)                Turns: 54472, Time: 02:22:13

Health: -11/251    AC: 35    Str: 32      XL:     27
Magic:  40/40      EV: 23    Int: 20      God:    Qazlal [***...]
Gold:   3630       SH: 22    Dex: 23 (24) Spells: 42/51 levels left

rFire    + + +     SeeInvis +   J - +3 Elemental Staff {rElec rF++ rC++ MR++ AC+5}
rCold    + + +     Gourm    .   b - +2 shield {reflect}
rNeg     + + +     Faith    .   B - +4 scale mail of Ramn {rN++}
rPois    .         Spirit   .   o - +2 hat of Agnosticism {Int+4 Stlth+}
rElec    +         Reflect  +   S - +4 dragonskin cloak
rCorr    .         Harm     .   d - +2 pair of gloves of Foko {rC+ Str+4}
MR       +++++                  (boots unavailable)
Stlth    +++.......             k - amulet of regeneration
HPRegen  0.91/turn              w - ring of Topruug {rElec Str+7 Dex+4 SInv Stlth+}
MPRegen  0.27/turn              m - ring "Gimach" {rN+ AC+2 Int+3 Stlth+}

@: lethally poisoned (-11 -> -11), about to teleport
A: talons 3, rugged brown scales 3, blurry vision 1, clever 1, deterioration 1,
fire resistance 2, magic resistance 1, powered by death 3, screaming 2, spiny 3,
evolution 1, augmentation 3, subdued magic 1
}: 5/15 runes: serpentine, barnacled, slimy, silver, abyssal
a: Upheaval, Elemental Force, Renounce Religion


You were on level 5 of the Realm of Zot.
You worshipped Qazlal.
Qazlal was most pleased with you.
You were not hungry.

You visited 10 branches of the dungeon, and saw 54 of its levels.
You visited the Abyss 3 times.
You visited 1 bazaar.
You also visited: Sewer, Bailey and Ice Cave.

You collected 9020 gold pieces.
You spent 5390 gold pieces at shops.

Inventory:

Hand Weapons
 z - a +9 bardiche of freezing
 J - the +3 Elemental Staff (weapon) {rElec rF++ rC++ MR++ AC+5}
   (You found it on level 4 of the Shoals)

   It affects your AC (+5).
   It greatly protects you from fire.
   It greatly protects you from cold.
   It insulates you from electricity.
   It affects your resistance to hostile enchantments.
Missiles
 K - 3 throwing nets (quivered)
Armour
 b - a +2 shield of reflection (worn)
 d - the +2 pair of gloves of Foko (worn) {rC+ Str+4}
   (You found it on level 3 of the Elven Halls)

   It affects your strength (+4).
   It protects you from cold.
 g - +6 acid dragon scales
 o - the +2 hat of Agnosticism (worn) {Int+4 Stlth+}
   (You found it on level 3 of the Elven Halls)

   It affects your intelligence (+4).
   It makes you more stealthy.
 B - the +4 scale mail of Ramn (worn) {rN++}
   (You found it on level 1 of the Depths)

   It greatly protects you from negative energy.
 S - the +4 dragonskin cloak (worn)
   (You took it off Tiamat on level 1 of the Realm of Zot)
 T - +5 gold dragon scales
Jewellery
 a - the amulet of Abowusk {Spirit rElec rF+ Int+2 Stlth+}
   (You found it on level 5 of the Pits of Slime)

   [amulet of guardian spirit]

   It causes incoming damage to be split between your health and magic.
   It affects your intelligence (+2).
   It protects you from fire.
   It insulates you from electricity.
   It makes you more stealthy.
 k - an amulet of regeneration (around neck)
 m - the ring "Gimach" (right hand) {rN+ AC+2 Int+3 Stlth+}
   (You found it on level 1 of the Lair of Beasts)

   [ring of protection]

   It affects your AC (+2).
   It affects your intelligence (+3).
   It protects you from negative energy.
   It makes you more stealthy.
 r - the ring of Gyppud {rC+ MR+ Str+3 Int+3}
   (You found it on level 4 of the Realm of Zot)

   [ring of protection from cold]

   It affects your strength (+3).
   It affects your intelligence (+3).
   It protects you from cold.
   It affects your resistance to hostile enchantments.
 w - the ring of Topruug (left hand) {rElec Str+7 Dex+4 SInv Stlth+}
   (You found it on level 5 of the Pits of Slime)

   [ring of dexterity]

   It affects your strength (+7).
   It affects your dexterity (+4).
   It insulates you from electricity.
   It lets you see invisible.
   It makes you more stealthy.
 F - an uncursed ring of flight
 G - an uncursed ring of resist corrosion
 I - the amulet "Namonwar" {Harm *Drain Fragile rF++ rN+ Slay+4}
   (You took it off Tiamat on level 1 of the Realm of Zot)

   [amulet of harm]

   It increases damage dealt and taken.
   It affects your accuracy and damage with ranged weapons and melee attacks
   (+4).
   It greatly protects you from fire.
   It protects you from negative energy.
   It causes draining when unequipped.
   It will be destroyed if unequipped.
 L - the ring of Qotoemio {Wiz rElec rPois Int+3}
   (You found it on level 1 of the Lair of Beasts)

   [ring of wizardry]

   It improves your spell success rate.
   It affects your intelligence (+3).
   It insulates you from electricity.
   It protects you from poison.
Wands
 v - a wand of digging (11)
 H - a wand of paralysis (55)
 M - a wand of disintegration (15)
 N - a wand of scattershot (10)
 P - a wand of acid (12)
Scrolls
 h - 7 scrolls of fear
 j - 27 scrolls of remove curse
 n - a scroll of amnesia
 q - 10 scrolls of magic mapping
 s - 12 scrolls of fog
 t - 13 scrolls of teleportation
 E - 2 scrolls of summoning
 O - 2 scrolls of brand weapon
 R - 5 scrolls of silence
 U - 6 scrolls of blinking
 W - 12 scrolls of identify
Potions
 c - 3 potions of resistance
 e - 9 potions of brilliance
 i - 10 potions of heal wounds
 l - 7 potions of flight
 p - 27 potions of curing
 x - 3 potions of haste
 A - 6 potions of cancellation
 D - 6 potions of magic
 Q - 2 potions of ambrosia
 X - 6 potions of invisibility
 Y - 4 potions of mutation
 Z - 4 potions of might
Miscellaneous
 C - 2 phantom mirrors
Comestibles
 f - 45 rations


   Skills:
 * Level 23.0 Fighting
 - Level 17.8 Polearms
 - Level 1.7 Throwing
 - Level 14.1 Armour
 - Level 14.1 Dodging
 - Level 16.0 Shields
 * Level 12.5 Spellcasting
 * Level 12.7 Fire Magic
 O Level 27 Invocations
 O Level 27 Evocations


You had 42 spell levels left.
You knew the following spells:

 Your Spells              Type           Power        Failure   Level  Hunger
a - Fire Storm            Conj/Fire      ####......   100%        9    #######

Your spell library contained the following spells:

 Spells                   Type           Power        Failure   Level  Hunger
 Flame Tongue             Conj/Fire      ####.        1%          1    None
 Conjure Flame            Conj/Fire      ####....     1%          3    None
 Inner Flame              Hex/Fire       ####....     1%          3    None
 Animate Skeleton         Necr           N/A          7%          1    None
 Apportation              Tloc           #.....       7%          1    None
 Beastly Appendage        Tmut           #.....       7%          1    None
 Confusing Touch          Hex            #.....       7%          1    None
 Corona                   Hex            #......      7%          1    None
 Freeze                   Ice            #...         7%          1    None
 Magic Dart               Conj           #...         7%          1    None
 Pain                     Necr           #...         7%          1    None
 Sandblast                Erth           #.....       7%          1    None
 Shock                    Conj/Air       #...         7%          1    None
 Sting                    Conj/Pois      #...         7%          1    None
 Summon Butterflies       Summ           #.......     7%          1    None
 Summon Small Mammal      Summ           #...         7%          1    None
 Blink                    Tloc           N/A          11%         2    None
 Call Imp                 Summ           #.......     11%         2    None
 Corpse Rot               Necr           N/A          11%         2    None
 Ensorcelled Hibernation  Hex/Ice        #.....       11%         2    None
 Passwall                 Tmut/Erth      #.......     11%         2    None
 Poisonous Vapours        Pois/Air       #.....       11%         2    None
 Searing Ray              Conj           #.....       11%         2    None
 Slow                     Hex            #.......     11%         2    None
 Sticks to Snakes         Tmut           #.......     11%         2    None
 Sublimation of Blood     Necr           #.........   11%         2    None
 Swiftness                Chrm/Air       #.......     11%         2    None
 Throw Frost              Conj/Ice       #.....       11%         2    None
 Call Canine Familiar     Summ           #.......     22%         3    None
 Confuse                  Hex            #.......     22%         3    None
 Dazzling Spray           Conj/Hex       #.....       22%         3    None
 Gell's Gravitas          Tloc           #.........   22%         3    None
 Lesser Beckoning         Tloc           #.........   22%         3    None
 Mephitic Cloud           Conj/Pois/Air  #.......     22%         3    None
 Ozocubu's Armour         Chrm/Ice       #.......     22%         3    None
 Portal Projectile        Hex/Tloc       #.....       22%         3    None
 Regeneration             Chrm/Necr      #.........   22%         3    None
 Spider Form              Tmut/Pois      #.........   22%         3    None
 Static Discharge         Conj/Air       #.......     22%         3    None
 Stone Arrow              Conj/Erth      #.....       22%         3    None
 Summon Guardian Golem    Hex/Summ       #.......     22%         3    None
 Tukima's Dance           Hex            #.......     22%         3    None
 Vampiric Draining        Necr           #.........   22%         3    None
 Bolt of Magma            Conj/Fire/Erth ###.......   34%         5    ####...
 Airstrike                Air            #.........   61%         4    None
 Animate Dead             Necr           N/A          61%         4    None
 Cause Fear               Hex            #.........   61%         4    None
 Force Lance              Conj/Tloc      #.......     61%         4    None
 Fulminant Prism          Conj/Hex       #.........   61%         4    None
 Ice Form                 Ice/Tmut       #.......     61%         4    None
 Iskenderun's Mystic Bla  Conj           #.......     61%         4    None
 Leda's Liquefaction      Hex/Erth       #.........   61%         4    None
 Olgreb's Toxic Radiance  Pois           #.......     61%         4    None
 Passage of Golubria      Tloc           N/A          61%         4    None
 Petrify                  Tmut/Erth      #.......     61%         4    None
 Summon Ice Beast         Ice/Summ       #.......     61%         4    None
 Summon Lightning Spire   Summ/Air       #.......     61%         4    None
 Throw Icicle             Conj/Ice       #.......     61%         4    None
 Bolt of Fire             Conj/Fire      ####......   63%         6    #####..
 Agony                    Necr           #.......     92%         5    ####...
 Alistair's Intoxication  Tmut/Pois      #.......     92%         5    ####...
 Blade Hands              Tmut           #.........   92%         5    ####...
 Bolt of Draining         Conj/Necr      #.........   92%         5    ####...
 Dispel Undead            Necr           #.......     92%         5    ####...
 Excruciating Wounds      Chrm/Necr      #.........   92%         5    ####...
 Irradiate                Conj/Tmut      #.........   92%         5    ####...
 Iskenderun's Battlesphe  Conj/Chrm      #.......     92%         5    ####...
 Lee's Rapid Deconstruct  Erth           #.........   92%         5    ####...
 Lightning Bolt           Conj/Air       #.........   92%         5    ####...
 Metabolic Englaciation   Hex/Ice        #.........   92%         5    ####...
 Silence                  Hex/Air        #.........   92%         5    ####...
 Venom Bolt               Conj/Pois      #.........   92%         5    ####...
 Yara's Violent Unravell  Hex/Tmut       #.........   92%         5    ####...
 Ignition                 Fire           #####.....   95%         8    #######
 Ring of Flames           Chrm/Fire      ####......   99%         7    #######
 Darkness                 Hex            #.........   100%        6    #####..
 Deflect Missiles         Chrm/Air       #.........   100%        6    #####..
 Freezing Cloud           Conj/Ice/Air   #.........   100%        6    #####..
 Hydra Form               Tmut           #.........   100%        6    #####..
 Invisibility             Hex            #.......     100%        6    #####..
 Iron Shot                Conj/Erth      #.........   100%        6    #####..
 Poison Arrow             Conj/Pois      #.........   100%        6    #####..
 Statue Form              Tmut/Erth      #........    100%        6    #####..
 Dragon Form              Tmut           #.........   100%        7    #######
 Haunt                    Necr/Summ      #.........   100%        7    #######
 Malign Gateway           Summ/Tloc      #.........   100%        7    #######
 Monstrous Menagerie      Summ           #.........   100%        7    #######
 Orb of Destruction       Conj           #.........   100%        7    #######
 Spellforged Servitor     Conj/Summ      #.........   100%        7    #######
 Summon Greater Demon     Summ           #.........   100%        7    #######
 Summon Hydra             Summ           #.........   100%        7    #######
 Borgnjor's Revivificati  Necr           #.........   100%        8    #######
 Chain Lightning          Conj/Air       #.........   100%        8    #######
 Death's Door             Chrm/Necr      #.........   100%        8    #######
 Discord                  Hex            #.........   100%        8    #######
 Disjunction              Tloc           #.........   100%        8    #######
 Infestation              Necr           #.........   100%        8    #######
 Lehudib's Crystal Spear  Conj/Erth      #.........   100%        8    #######
 Necromutation            Tmut/Necr      #.........   100%        8    #######
 Summon Horrible Things   Summ           #.........   100%        8    #######
 Dragon's Call            Summ           #.........   100%        9    #######
 Glaciate                 Conj/Ice       #.........   100%        9    #######
 Shatter                  Erth           #.........   100%        9    #######
 Tornado                  Air            #.........   100%        9    #######


Dungeon Overview and Level Annotations

Branches:
Dungeon (15/15)            Temple (0/1) D:5            Lair (6/6) D:9
 Shoals (4/4) Lair:4        Snake (4/4) Lair:2        Slime (5/5) Lair:5
    Orc (2/2) D:12            Elf (3/3) Orc:2        Vaults (5/5) D:14
  Crypt (0/3) Vaults:3     Depths (5/5) D:15            Zot (5/5) Depths:5

Altars:
Ashenzari
Dithmenos
Elyvilon
Fedhas
Gozag
Kikubaaqudgha
Makhleb
Okawaru
Qazlal
Sif Muna
Trog
Vehumet
Yredelemnul
Beogh

Shops:
D:9 *   D:10 }   D:13 ?   Orc:2 (=}   Elf:3 (   Shoals:3 !(!   Depths:1 }=}

Portals:
Hell: Depths:1 Depths:2 Depths:3 Depths:4 Depths:5
Abyss: Depths:1 Depths:3 Depths:4
Pandemonium: Depths:2 Depths:3 Depths:4
Ziggurat: Depths:1

Annotations:
Elf:2 3 runed translucent doors


Innate Abilities, Weirdness & Mutations

You have claws for feet.
You are completely covered in rugged brown scales. (AC +3, +7% HP)
You regenerate a lot of health from kills.
You are completely covered in sharp spines.
Your magical and physical power is greatly enhanced at high health.
Scrolls take you a little longer to read.
Your mind is acute. (Int +2)
Your body sometimes deteriorates upon taking damage.
Your flesh is very heat resistant. (rF++)
You are resistant to hostile enchantments. (MR+)
You sometimes yell uncontrollably at your foes.
You evolve.
Your spells are a little easier to cast, but a little less powerful.


Message History

You block the Orb Guardian's attack.
The electric golem blinks!
The Tzitzimitl calls on the powers of darkness!
The white draconian convulses!
The red draconian shifter convulses!
The white draconian convulses! x2; The green draconian convulses!
The yellow draconian convulses!
The purple draconian scorcher convulses!
The Orb Guardian convulses! x3
The yellow draconian scorcher convulses!
The purple draconian convulses!
The green draconian convulses!
The Orb Guardian convulses!
The shard shrike convulses!
The Orb Guardian convulses!
Your body is wracked with pain!
* * * LOW HITPOINT WARNING * * *
Unknown command.
Unknown command.
You block the Orb Guardian's attack. You block the shard shrike's attack.
The electric golem is engulfed in freezing vapours.
The electric golem blinks!
The Orb Guardian is struck by your spines.
The Orb Guardian hits you!!!
You die...

.......###.....)..#..#...........
.......# ##..)...##.##...........
.......# ##<#...#.###...........
..<....## #...))#.# #...........
........# ##[....####...........
....)...### ##....###............
..........####...###.............
.............##..#...............
####▓▓▓▓########@########▓▓▓▓###*
^^.## #......bXX..8...# **,,,
....## ##.....q8○.....## **,,,,
...$.## #....dX.d.....# **,,,,,
......# ##...dqXX.^..## *,,,,,,
......# #.....d2d...# *,,,,,,
......# ##^..dqL.....## *,,,,,,
......# #...........§.# *,,,,,,
......# ##d..?.12......## *,,,,,.


You could see 2 electric golems, an ancient lich (invisible), a shard shrike, a
yellow draconian, 2 draconians, a purple draconian, 2 draconians, a red
draconian shifter, 5 Orb Guardians, 2 draconians and a reaper.

Vanquished Creatures
  the Royal Jelly (Slime:5)
  Tiamat (Zot:1)
  Mara (Shoals:3)
  3 orbs of fire (Zot:5)
  3 juggernauts
  8 ancient liches
  Sojobo (Vaults:2)
  Margery (Depths:3)
  2 curse toes
  Boris (twice) (Vaults:2 Depths:1)
  Vashnia (Snake:2)
  Bai Suzhen (Depths:1)
  10 caustic shrikes
  18 golden dragons
  The ghost of Jeyweruti the Demolition Hill Orc, an adept HOMo of Makhleb (Elf:1)
  Jory (Vaults:2)
  Nikola (Snake:1)
  4 bone dragons
  A Tzitzimitl (Depths:2)
  Jorgrun (Snake:1)
  17 tentacled monstrosities
  Rupert (Snake:1)
  8 titans
  20 Orb Guardians
  The ghost of Riboake the Severer, an adept DgFi (Elf:3)
  The ghost of SnubMonkey the Ninja, an adept SpEn of Gozag (Depths:2)
  A deep elf master archer (Elf:3)
  9 liches
  2 deep elf blademasters (Elf:3)
  9 quicksilver dragons
  2 krakens
  An Executioner (Abyss:4)
  22 acid blobs
  13 tentacled starspawn
  9 death cobs
  Agnes (Vaults:2)
  Kirke (Snake:1)
  Donald (Snake:2)
  20 storm dragons
  4 sphinxes
  14 shadow dragons
  6 tengu reavers
  12 azure jellies
  7 nagarajas
  5 draconian monks
  7 fire giants
  Roxanne (Snake:4)
  16 frost giants
  3 ghost moths
  An iron dragon (Zot:1)
  9 deep elf sorcerers
  A ghost moth (shapeshifter) (Elf:3)
  5 draconian knights
  Louise (Snake:3)
  4 draconian scorchers
  13 vault wardens
  7 cacodemons
  Aizul (Snake:1)
  An orc warlord (Orc:1)
  A balrug (Abyss:4)
  4 draconian stormcallers
  A caustic shrike skeleton (Depths:2)
  10 deep elf elementalists
  A juggernaut zombie (Depths:1)
  14 ironheart preservers
  22 very ugly things
  6 vampire knights
  2 war gargoyles (Vaults:5)
  7 draconian annihilators
  18 stone giants
  A juggernaut skeleton (Depths:1)
  An entropy weaver (Vaults:4)
  A stone giant (shapeshifter) (Vaults:5)
  12 deep elf demonologists
  14 deep elf annihilators
  53 starcursed masses
  Nessos (Lair:6)
  12 green draconians
  10 black draconians
  13 white draconians
  6 purple draconians
  2 lorocyprocas (Abyss:1)
  8 spark wasps
  9 red draconians
  The ghost of Utoviuv the Covert, a journeyman SpEn of Dithmenos (D:14)
  16 yellow draconians
  The ghost of Gynju the Basher, a journeyman DDFi of Makhleb (Lair:2)
  Azrael (Snake:1)
  The ghost of syranez the Covert, a journeyman OpEE of Vehumet (Lair:1)
  3 green deaths
  3 blizzard demons
  A crystal guardian (Vaults:4)
  An eidolon (Abyss:4)
  6 merfolk impalers (Shoals:4)
  5 merfolk javelineers
  8 death oozes (Slime:5)
  8 ettins
  16 fire dragons
  4 deep elf death magi
  A great orb of eyes (shapeshifter) (Abyss:1)
  2 jiangshi (Abyss:1)
  5 deep elf high priests
  12 ice dragons
  A fire dragon (shapeshifter) (Vaults:5)
  10 ogre magi
  14 yaktaur captains
  The ghost of Armakuni the Nimble, a journeyman DEBe of Trog (Orc:2)
  7 hydras
  10 rakshasas
  30 vault guards
  17 great orbs of eyes
  A quicksilver dragon skeleton (Depths:2)
  Harold (D:8)
  An ice dragon (shapeshifter) (Elf:3)
  2 catoblepae (D:13)
  12 naga warriors
  4 spriggan air magi
  18 anacondas
  Erica (D:8)
  5 death knights
  2 merfolk avatars
  2 satyrs (Shoals:4)
  An alligator (shapeshifter) (Vaults:1)
  16 death yaks
  5 centaur warriors
  5 merfolk aquamancers
  27 two-headed ogres
  2 alligator snapping turtles (Shoals:4)
  The ghost of hemabe the Charlatan, a novice HuAr of Trog (D:9)
  3 vampire magi
  10 deep troll earth magi
  7 tengu warriors
  4 orc high priests (Orc:2)
  Urug (Lair:1)
  16 dancing weapons
  4 spriggan berserkers
  9 deep troll shamans
  A hell hog (Abyss:4)
  A soul eater (Abyss:4)
  Nergalle (Orc:1)
  A storm dragon zombie (Vaults:5)
  20 thrashing horrors
  16 naga sharpshooters
  16 shock serpents
  14 deep elf knights
  2 shadow wraiths
  2 titan skeletons
  5 sun demons
  17 hell knights
  A fire crab (shapeshifter) (Vaults:2)
  2 iron trolls (Depths:2)
  9 salamander mystics
  5 sixfirhies
  11 spatial maelstroms (Abyss:4)
  2 storm dragon skeletons (Depths:2)
  27 skeletal warriors
  13 wretched stars
  2 unseen horrors (shapeshifter) (Elf:3)
  14 sea snakes
  A spark wasp zombie (Depths:4)
  39 deep trolls
  11 glowing orange brains
  4 lindwurms (Snake:4)
  A swamp dragon (shapeshifter) (Depths:3)
  4 flayed ghosts
  7 naga ritualists
  A kraken simulacrum (Shoals:4)
  21 deep elf archers
  7 wizards
  A swamp dragon (Zot:1)
  A harpy (shapeshifter) (Vaults:1)
  2 golden dragon skeletons (Depths:2)
  14 necromancers
  An obsidian statue (D:9)
  Pikel (D:6)
  13 mana vipers
  9 orc knights
  A shadow dragon zombie (Vaults:3)
  11 ironbrand convokers
  An orb spider (Abyss:3)
  A faun (shapeshifter) (Elf:3)
  14 harpies
  7 phantasmal warriors
  7 shining eyes
  4 wolf spiders
  11 manticores
  48 ugly things
  3 orc sorcerers
  84 deep elf magi
  A moth of wrath (shapeshifter) (Abyss:4)
  11 cyclopes
  2 sphinx skeletons
  10 fauns
  3 iron dragon skeletons
  2 tengu skeletons
  5 worldbinders
  4 stone giant skeletons
  29 moths of wrath
  An elephant (D:9)
  12 guardian serpents
  12 salamanders
  5 centaur zombies
  33 naga magi
  8 merfolk sirens
  4 eyes of devastation
  3 water nymphs
  A guardian serpent (shapeshifter) (Abyss:4)
  A titan simulacrum (Depths:4)
  3 apocalypse crabs (Abyss:4)
  Maurice (D:8)
  A fire giant skeleton (Depths:2)
  12 vault sentinels
  31 black mambas
  3 rust devils
  Joseph (D:7)
  11 smoke demons
  A torpor snail (Lair:6)
  4 spiny frogs
  A gargoyle (D:14)
  An ice statue (IceCv)
  An orange demon (Abyss:2)
  3 hellions
  67 yaktaurs
  3 human zombies
  8 freezing wraiths
  A yaktaur (shapeshifter) (Depths:2)
  A kobold demonologist (Abyss:3)
  2 rime drakes
  A demonic crawler (Abyss:2)
  3 elf skeletons
  2 yaktaur zombies
  2 efreet
  A hydra zombie (Abyss:4)
  2 hellwings (Abyss:4)
  A tormentor (Abyss:2)
  4 komodo dragons
  A jumping spider (shapeshifter) (D:14)
  14 ancient zymes
  A red devil (Abyss:1)
  20 polar bears
  2 meliai (shapeshifter)
  6 tengu conjurers
  A jumping spider (Vaults:4)
  3 trolls
  18 merfolk
  A wolf spider simulacrum (Abyss:4)
  A queen bee (shapeshifter) (Elf:3)
  12 hornets
  A slime creature (shapeshifter) (Vaults:1)
  A shadow dragon simulacrum (Abyss:4)
  9 wind drakes
  A hornet (shapeshifter) (Vaults:4)
  34 raiju
  20 blink frogs
  A blink frog (shapeshifter) (Vaults:2)
  8 hippogriffs
  66 large abominations
  124 slime creatures
  10 snapping turtles
  A stone giant simulacrum (Depths:1)
  5 spriggan skeletons
  A fire giant simulacrum (Vaults:2)
  An ettin skeleton (Depths:2)
  3 redbacks (Vaults:4)
  11 flying skulls
  22 water elementals
  A black mamba zombie (Abyss:1)
  An air elemental (Elf:3)
  16 spriggans
  3 shadows
  A wyvern (shapeshifter) (Elf:3)
  A yak (shapeshifter) (Vaults:5)
  4 wyverns
  50 yaks
  2 vampires
  Eustachio (D:4)
  4 wraiths
  8 ynoxinuls
  4 hogs (Snake:1)
  6 basilisks
  A fire bat (Abyss:3)
  2 golden eyes (shapeshifter)
  5 chaos spawn
  A steam dragon (Lair:3)
  8 fire elementals
  41 small abominations
  Grum (D:8)
  11 golden eyes
  6 vampire mosquitoes
  13 neqoxecs
  4 hungry ghosts
  10 insubstantial wisps
  2 wargs (Orc:1)
  40 nagas
  21 spatial vortices (Abyss:4)
  A warg (shapeshifter) (Depths:2)
  4 acid dragons
  A floating eye (Depths:2)
  8 hell hounds
  10 porcupines
  10 water moccasins
  A swamp drake (shapeshifter) (Depths:3)
  30 orc warriors
  6 ice beasts
  11 eyes of draining
  3 sky beasts
  6 black bears
  A necrophage (D:8)
  A slave (D:6)
  4 phantoms
  An ogre (shapeshifter) (Elf:2)
  23 boggarts
  A hornet zombie (D:13)
  43 wolves
  A tengu (shapeshifter) (Elf:3)
  28 ogres
  37 centaurs
  A crocodile (shapeshifter) (Vaults:2)
  15 crocodiles
  3 big kobolds
  11 bullfrogs
  3 human skeletons
  2 earth elementals (Elf:1)
  2 water moccasin zombies
  A glowing shapeshifter simulacrum (Vaults:2)
  10 jellies
  2 scorpions
  4 killer bees (D:9)
  12 wights
  7 howler monkeys
  8 electric eels
  6 crimson imps
  6 quasits
  2 human simulacra
  3 bullfrog zombies
  10 hounds
  33 orc priests
  A bullfrog skeleton (D:6)
  20 orc wizards
  12 centaur skeletons
  8 iguanas
  11 worker ants
  A killer bee zombie (D:3)
  A bullfrog simulacrum (D:8)
  A hound skeleton (D:7)
  A howler monkey zombie (D:11)
  3 worker ant zombies
  17 gnolls
  11 adders
  9 river rats
  3 shadow imps
  25 white imps
  6 ufetubi
  4 oozes
  An adder skeleton (D:7)
  5 worms
  3 dart slugs
  4 leopard geckos
  68 orcs
  7 ball pythons
  5 bats
  5 giant cockroaches
  8 goblins
  16 hobgoblins
  9 jackals
  4 quokkas
  6 frilled lizards
  A jackal zombie (D:4)
  45 kobolds
  A leopard gecko skeleton (D:4)
  A quokka skeleton (D:5)
  32 rats
  A fungus (Lair:4)
  3 plants
  7 starspawn tentacles
  8 tentacles
3137 creatures vanquished.

Vanquished Creatures (collateral kills)
  A cyclops (Shoals:3)
1 creature vanquished.

Vanquished Creatures (others)
  A storm dragon (Zot:2)
  A fire giant (Depths:4)
  An ironheart preserver (Vaults:5)
  A draconian shifter (Zot:2)
  A stone giant (Vaults:4)
  A deep elf knight (Vaults:5)
  A sea snake (Shoals:4)
  A salamander mystic (Snake:4)
  A deep elf mage (Elf:1)
  A guardian serpent (Snake:3)
  A raiju (shapeshifter) (Depths:5)
  A shadow (D:15)
  2 nagas (Snake:1)
  A hell hound (Snake:1)
  A slave (D:6)
  A boggart (Vaults:1)
  An electric eel (Snake:1)
  An orc (D:6)
  11 fungi
  2 lurking horrors (Abyss:4)
  26 plants
  23 starspawn tentacles
  26 tentacles
107 creatures vanquished.

Grand Total: 3245 creatures vanquished

Notes
Turn   | Place    | Note
-------+----------+-------------------------------------------
     0 | D:1      | Inquire the Demonspawn Gladiator began the quest for the
                  | Orb.
     0 | D:1      | Reached XP level 1. HP: 16/16 MP: 1/1
   237 | D:1      | Gained mutation: You regenerate a little health from kills.
                  | [demonic ancestry]
   237 | D:1      | Reached XP level 2. HP: 20/22 MP: 2/2
   553 | D:1      | Gained mutation: You are partially covered in rugged brown
                  | scales. (AC +1, +3% HP) [demonic ancestry]
   553 | D:1      | Reached XP level 3. HP: 23/28 MP: 3/3
  1317 | D:2      | Reached XP level 4. HP: 24/35 MP: 4/4
  1873 | D:2      | Found a stormy altar of Qazlal.
  1875 | D:2      | Noticed a fire elemental
  1875 | D:2      | Noticed an earth elemental
  1876 | D:2      | Noticed an air elemental
  1876 | D:2      | Noticed a water elemental
  1900 | D:2      | Became a worshipper of Qazlal Stormbringer
  2239 | D:3      | Reached skill level 1 in Invocations
  2289 | D:3      | Gained mutation: You are partially covered in sharp spines.
                  | [demonic ancestry]
  2289 | D:3      | Reached XP level 5. HP: 34/42 MP: 6/6
  2447 | D:3      | Found a glowing drain.
  2470 | Sewer    | Entered a sewer
  2507 | Sewer    | Reached * piety under Qazlal
  2550 | Sewer    | Gained mutation: You have sharp toenails. [demonic
                  | ancestry]
  2550 | Sewer    | Reached XP level 6. HP: 48/48 MP: 8/8
  2742 | Sewer    | Reached ** piety under Qazlal
  3265 | D:4      | Noticed Eustachio
  3290 | D:4      | Killed Eustachio
  3290 | D:4      | Reached skill level 5 in Polearms
  3290 | D:4      | Reached skill level 1 in Armour
  3290 | D:4      | Gained mutation: You have razor-sharp toenails. [demonic
                  | ancestry]
  3290 | D:4      | Reached XP level 7. HP: 32/54 MP: 10/10
  3580 | D:4      | You fall into a shaft and drop 2 floors!
  3586 | D:6      | Reached skill level 5 in Invocations
  3616 | D:6      | Found a blossoming altar of Fedhas.
  3648 | D:6      | Noticed Pikel
  3676 | D:6      | Killed Pikel
  3676 | D:6      | Reached XP level 8. HP: 62/62 MP: 11/13
  3696 | D:6      | Reached *** piety under Qazlal
  3778 | D:6      | Reached skill level 5 in Fighting
  4126 | D:6      | Reached XP level 9. HP: 63/70 MP: 15/15
  4710 | D:7      | Noticed Joseph
  4718 | D:7      | Found a flagged portal.
  4724 | D:7      | Killed Joseph
  4798 | Bailey   | Entered a bailey
  4873 | Bailey   | Gained mutation: You are mostly covered in rugged brown
                  | scales. (AC +2, +5% HP) [potion of mutation]
  4873 | Bailey   | Gained mutation: Your muscles are strong. (Str +2) [potion
                  | of mutation]
  4873 | Bailey   | Gained mutation: You have claws for feet. [potion of
                  | mutation]
  5060 | Bailey   | Identified a scroll of acquirement
  5132 | Bailey   | Reached skill level 1 in Evocations
  5364 | D:7      | Found a blossoming altar of Fedhas.
  5853 | D:5      | Entered Level 5 of the Dungeon
  5930 | D:5      | Found a staircase to the Ecumenical Temple.
  6055 | D:5      | Found a shadowy altar of Dithmenos.
  6058 | D:5      | Found a white marble altar of Elyvilon.
  6059 | D:5      | Found a shattered altar of Ashenzari.
  6059 | D:5      | Found a radiant altar of Vehumet.
  6059 | D:5      | Found a bloodstained altar of Trog.
  6060 | D:5      | Found an ancient bone altar of Kikubaaqudgha.
  6063 | D:5      | Found an iron altar of Okawaru.
  6311 | D:4      | Reached **** piety under Qazlal
  6318 | D:4      | Reached skill level 10 in Invocations
  6370 | D:4      | Got an ancient scale mail
  6381 | D:4      | Identified the +3 scale mail of the Skies Above {*Contam
                  | Dex+9} (You found it on level 4 of the Dungeon)
  6785 | D:8      | Noticed Grum
  6790 | D:8      | Noticed a polar bear
  6793 | D:8      | Killed Grum
  6793 | D:8      | Gained mutation: You are mostly covered in sharp spines.
                  | [demonic ancestry]
  6793 | D:8      | Reached XP level 10. HP: 53/79 MP: 17/17
  6810 | D:8      | Reached skill level 5 in Evocations
  6956 | D:8      | Noticed a death yak
  6966 | D:8      | Killed a death yak
  6990 | D:8      | Reached ***** piety under Qazlal
  7030 | D:8      | Noticed Harold
  7044 | D:8      | Killed Harold
  7044 | D:8      | Noticed Maurice
  7047 | D:8      | Killed Maurice
  7152 | D:8      | Noticed Erica
  7162 | D:8      | Killed Erica
  7358 | D:8      | Found the +9 sword of Zonguldrok {reap}
  7587 | D:9      | Mutation became permanent: You are partially covered in
                  | rugged brown scales. (AC +1, +3% HP) [demonic ancestry]
  7587 | D:9      | Gained mutation: You are mostly covered in rugged brown
                  | scales. (AC +2, +5% HP) [demonic ancestry]
  7587 | D:9      | Reached XP level 11. HP: 73/88 MP: 19/19
  7803 | D:9      | Found a staircase to the Lair.
  7876 | D:9      | Found a radiant altar of Vehumet.
  7930 | D:9      | Found a runed translucent gate.
  7930 | D:9      | Found a runed translucent gate.
  7930 | D:9      | Found a runed translucent gate.
  7931 | D:9      | Noticed hemabe's ghost (novice HuAr)
  7932 | D:9      | Found an opulent altar of Gozag.
  7932 | D:9      | Noticed a centaur warrior
  7933 | D:9      | Noticed an obsidian statue
  7939 | D:9      | Found Kehyiv's Assorted Antiques.
  8176 | D:10     | Entered Level 10 of the Dungeon
  8444 | D:10     | Reached skill level 10 in Polearms
  8558 | D:10     | Noticed a two-headed ogre
  8565 | D:10     | Killed a two-headed ogre
  8565 | D:10     | Reached skill level 10 in Evocations
  8690 | D:10     | Found Nitutahy's Gadget Shop.
  9485 | D:12     | Reached ****** piety under Qazlal
  9560 | D:12     | Reached XP level 12. HP: 96/96 MP: 22/22
  9603 | D:12     | Found a staircase to the Orcish Mines.
 10187 | D:9      | Killed a centaur warrior
 10196 | D:9      | Killed hemabe's ghost
 10211 | D:9      | Bought a potion of heal wounds for 165 gold pieces
 10211 | D:9      | Bought a scroll of blinking for 247 gold pieces
 10211 | D:9      | Bought a crooked wooden wand for 132 gold pieces
 10211 | D:9      | Bought a scroll of fog for 66 gold pieces
 10241 | Lair:1   | Entered Level 1 of the Lair of Beasts
 10252 | Lair:1   | Noticed Urug
 10256 | Lair:1   | Killed Urug
 10384 | Lair:1   | Noticed syranez's ghost (journeyman OpEE)
 10609 | Lair:1   | Got a pitted bone ring
 10611 | Lair:1   | Identified the ring "Gimach" {rN+ AC+2 Int+3 Stlth+} (You
                  | found it on level 1 of the Lair of Beasts)
 10753 | Lair:1   | Found a transporter.
 10767 | Lair:1   | Found a transporter.
 10881 | Lair:1   | Killed syranez's ghost
 10886 | Lair:1   | Got a vibrating copper ring
 10887 | Lair:1   | Identified the ring of Qotoemio {Wiz rElec rPois Int+3}
                  | (You found it on level 1 of the Lair of Beasts)
 10980 | Lair:2   | Found a runed translucent door.
 10980 | Lair:2   | Identified the +9 trident "Timmesoi" {freeze, rC+ Dex+4
                  | Stlth+}
 10981 | Lair:2   | Noticed Gynju's ghost (journeyman DDFi)
 11073 | Lair:2   | Found a frozen archway.
 11219 | IceCv    | Entered an ice cave
 11379 | IceCv    | Reached XP level 13. HP: 81/106 MP: 24/24
 11450 | IceCv    | Reached skill level 15 in Invocations
 11696 | IceCv    | Noticed a frost giant
 11710 | IceCv    | Killed a frost giant
 12060 | Lair:2   | Found a staircase to the Snake Pit.
 12565 | Lair:2   | Killed Gynju's ghost
 12596 | Lair:2   | Got a fine tin ring
 12609 | Lair:2   | Identified the ring of Ygguarra {Int+8 SInv} (You found it
                  | on level 2 of the Lair of Beasts)
 13550 | Lair:4   | Found a staircase to the Shoals.
 14501 | Lair:5   | Found a staircase to the Slime Pits.
 14923 | Lair:6   | Entered Level 6 of the Lair of Beasts
 14938 | Lair:6   | Reached XP level 14. HP: 112/114 MP: 26/26
 14952 | Lair:6   | Reached skill level 10 in Fighting
 15017 | Lair:6   | Reached skill level 5 in Armour
 15032 | Lair:6   | Reached skill level 5 in Dodging
 15083 | Lair:6   | Noticed Nessos
 15088 | Lair:6   | Killed Nessos
 16320 | Orc:1    | Entered Level 1 of the Orcish Mines
 16322 | Orc:1    | Noticed Nergalle
 16322 | Orc:1    | You fall into a shaft and drop 1 floor!
 16322 | Orc:2    | Entered Level 2 of the Orcish Mines
 16472 | Orc:2    | Found a runed translucent gate.
 16486 | Orc:2    | Noticed Armakuni's ghost (journeyman DEBe)
 16500 | Orc:2    | Found a runed translucent gate.
 16502 | Orc:2    | Found a runed translucent gate.
 16879 | Orc:2    | Found Dutul's Antique Weapon Emporium.
 16879 | Orc:2    | Found Lurots's Jewellery Shoppe.
 16881 | Orc:2    | Found Seorph's Gadget Shoppe.
 16888 | Orc:2    | Found Roufon's Distillery.
 16896 | Orc:2    | Bought a pitted broad axe for 279 gold pieces
 16896 | Orc:2    | Identified the +2 broad axe of the Vaults {speed, rElec
                  | Str+2 Int-3} (You bought it in a shop on level 2 of the
                  | Orcish Mines)
 16906 | Orc:2    | Bought a potion of brilliance for 64 gold pieces
 16906 | Orc:2    | Bought a potion of agility for 64 gold pieces
 16906 | Orc:2    | Bought a potion of curing for 48 gold pieces
 16906 | Orc:2    | Bought a potion of curing for 48 gold pieces
 16906 | Orc:2    | Bought a potion of berserk rage for 80 gold pieces
 16906 | Orc:2    | Bought a potion of heal wounds for 80 gold pieces
 16906 | Orc:2    | Bought a potion of magic for 128 gold pieces
 16906 | Orc:2    | Bought a potion of might for 64 gold pieces
 16906 | Orc:2    | Bought a potion of heal wounds for 80 gold pieces
 16906 | Orc:2    | Bought a potion of invisibility for 128 gold pieces
 16906 | Orc:2    | Bought a potion of curing for 48 gold pieces
 16922 | Orc:2    | Gained mutation: You regenerate health from kills. [demonic
                  | ancestry]
 16922 | Orc:2    | Reached XP level 15. HP: 122/122 MP: 27/27
 17220 | Orc:2    | Found a staircase to the Elven Halls.
 17374 | Orc:2    | Killed Armakuni's ghost
 17422 | Orc:1    | Noticed an orc warlord
 17424 | Orc:1    | Killed Nergalle
 17472 | Orc:1    | Killed an orc warlord
 17867 | D:13     | Found Toudayqaax's Magic Scroll Shop.
 17885 | D:13     | Bought a scroll of fog for 28 gold pieces
 17885 | D:13     | Bought a scroll of magic mapping for 49 gold pieces
 17885 | D:13     | Bought a scroll of enchant armour for 105 gold pieces
 17885 | D:13     | Bought a scroll of summoning for 133 gold pieces
 17885 | D:13     | Bought a scroll of silence for 105 gold pieces
 17885 | D:13     | Bought 2 scrolls of identify for 56 gold pieces
 17885 | D:13     | Bought a scroll of identify for 28 gold pieces
 19058 | D:14     | Found a gate to the Vaults.
 19141 | D:14     | Found a runed translucent gate.
 19142 | D:14     | Noticed Utoviuv's ghost (journeyman SpEn)
 19389 | D:14     | Found a runed translucent gate.
 19389 | D:14     | Found a runed translucent gate.
 19390 | D:14     | Identified the cursed +1 chain mail of the Bard {Stlth+}
 19396 | D:14     | Found a roughly hewn altar of Beogh.
 19624 | D:14     | Killed Utoviuv's ghost
 19747 | D:15     | Entered Level 15 of the Dungeon
 19871 | D:15     | Found a burning altar of Makhleb.
 20211 | D:15     | Reached skill level 15 in Evocations
 20211 | D:15     | Reached XP level 16. HP: 131/131 MP: 29/29
 20478 | D:15     | Found a staircase to the Depths.
 20805 | Snake:1  | Entered Level 1 of the Snake Pit
 20805 | Snake:1  | Noticed Kirke
 20814 | Snake:1  | Killed Kirke
 20852 | Snake:1  | Noticed Jorgrun
 20871 | Snake:1  | Killed Jorgrun
 20882 | Snake:1  | Noticed Rupert
 21021 | Snake:1  | Noticed Nikola
 21034 | Snake:1  | Killed Nikola
 21037 | Snake:1  | Noticed Azrael
 21046 | Snake:1  | Killed Azrael
 21265 | Snake:1  | Noticed Aizul
 21278 | Snake:1  | Killed Aizul
 21390 | Snake:1  | Found a transporter.
 21411 | Snake:1  | Found a transporter.
 21997 | Snake:2  | Noticed Vashnia
 22031 | Snake:2  | Killed Vashnia
 22147 | Snake:2  | Noticed Donald
 22164 | Snake:2  | Killed Donald
 22288 | Snake:2  | Reached skill level 1 in Shields
 22334 | Snake:2  | You fall into a shaft and drop 1 floor!
 22381 | Snake:3  | Reached XP level 17. HP: 132/139 MP: 28/30
 22669 | Snake:3  | Noticed Louise
 22675 | Snake:3  | Killed Louise
 22914 | Snake:4  | Entered Level 4 of the Snake Pit
 23240 | Snake:4  | Noticed Roxanne
 23259 | Snake:4  | Killed Roxanne
 24219 | Snake:4  | Reached skill level 15 in Polearms
 24244 | Snake:4  | Gained mutation: You are completely covered in rugged brown
                  | scales. (AC +3, +7% HP) [demonic ancestry]
 24244 | Snake:4  | Reached XP level 18. HP: 119/150 MP: 13/32
 24257 | Snake:4  | Reached skill level 10 in Armour
 24322 | Snake:4  | Reached skill level 10 in Dodging
 24492 | Snake:4  | Got a serpentine rune of Zot
 25042 | Snake:1  | Killed Rupert
 25214 | Shoals:1 | Entered Level 1 of the Shoals
 25610 | Shoals:1 | Found Lupow's Food Boutique.
 25618 | Shoals:1 | Bought a ration for 70 gold pieces
 25618 | Shoals:1 | Bought a ration for 70 gold pieces
 25618 | Shoals:1 | Bought a ration for 70 gold pieces
 25618 | Shoals:1 | Bought a ration for 70 gold pieces
 25618 | Shoals:1 | Bought a ration for 70 gold pieces
 25618 | Shoals:1 | Bought a ration for 70 gold pieces
 25618 | Shoals:1 | Bought a ration for 70 gold pieces
 25618 | Shoals:1 | Bought a ration for 70 gold pieces
 25618 | Shoals:1 | Bought a ration for 70 gold pieces
 26706 | Shoals:3 | Found Jusehid's Distillery.
 26727 | Shoals:3 | Found a flickering gateway to a bazaar.
 26749 | Shoals:3 | Noticed Mara
 26769 | Shoals:3 | Found Gila's Weapon Shoppe.
 26769 | Shoals:3 | Found Kadibban's Distillery.
 26801 | Shoals:3 | Noticed Inquire's illusion
 26812 | Shoals:3 | Killed Mara
 27211 | Shoals:4 | Entered Level 4 of the Shoals
 27442 | Shoals:4 | Mutation became permanent: You have razor-sharp toenails.
                  | [demonic ancestry]
 27442 | Shoals:4 | Gained mutation: You have claws for feet. [demonic
                  | ancestry]
 27442 | Shoals:4 | Reached XP level 19. HP: 158/158 MP: 33/33
 27898 | Shoals:4 | Found the +8 storm bow {elec, penet}
 28069 | Shoals:4 | Found the +3 Elemental Staff {rElec rF++ rC++ MR++ AC+5}
 28223 | Shoals:4 | Got a barnacled rune of Zot
 28258 | Bazaar   | Entered a bazaar
 28258 | Bazaar   | Found Ysajuuc's Jewellery Boutique.
 28258 | Bazaar   | Found Jiuvvebb's Armour Shop.
 28258 | Bazaar   | Found Nojiz's Antique Weapon Shop.
 28258 | Bazaar   | Found Pigaef's Distillery.
 28283 | Bazaar   | Bought a potion of resistance for 80 gold pieces
 28283 | Bazaar   | Bought a potion of curing for 24 gold pieces
 28283 | Bazaar   | Bought a potion of curing for 24 gold pieces
 28283 | Bazaar   | Bought a potion of heal wounds for 40 gold pieces
 28283 | Bazaar   | Bought a potion of heal wounds for 40 gold pieces
 28283 | Bazaar   | Bought a potion of curing for 24 gold pieces
 28283 | Bazaar   | Bought 2 potions of curing for 48 gold pieces
 28283 | Bazaar   | Bought a potion of magic for 64 gold pieces
 28283 | Bazaar   | Bought a potion of curing for 24 gold pieces
 28285 | Bazaar   | Bought a potion of invisibility for 64 gold pieces
 28285 | Bazaar   | Bought a potion of flight for 24 gold pieces
 28739 | Vaults:1 | Entered Level 1 of the Vaults
 29744 | Vaults:1 | Paralysed by a wizard for 2 turns
 30326 | Vaults:2 | Paralysed by an ogre mage for 3 turns
 30365 | Vaults:2 | Noticed Boris
 30383 | Vaults:2 | Killed Boris
 30904 | Vaults:2 | Noticed Sojobo
 30908 | Vaults:2 | Gained mutation: Your magical and physical power is
                  | slightly enhanced at high health. [demonic ancestry]
 30908 | Vaults:2 | Reached XP level 20. HP: 144/166 MP: 34/34
 30909 | Vaults:2 | Killed Sojobo
 30909 | Vaults:2 | Noticed Agnes
 30925 | Vaults:2 | Killed Agnes
 31059 | Vaults:2 | Noticed Jory
 31103 | Vaults:2 | Killed Jory
 32041 | Vaults:3 | Found a staircase to the Crypt.
 32041 | Vaults:3 | Found a basalt altar of Yredelemnul.
 32042 | Vaults:3 | Found an ancient bone altar of Kikubaaqudgha.
 33591 | Vaults:4 | Gained mutation: Your magical and physical power is
                  | enhanced at high health. [demonic ancestry]
 33591 | Vaults:4 | Reached XP level 21. HP: 175/175 MP: 36/36
 33982 | Depths:1 | Entered Level 1 of the Depths
 34008 | Depths:1 | Noticed Boris
 34024 | Depths:1 | Killed Boris
 34036 | Depths:1 | Noticed Bai Suzhen
 34057 | Depths:1 | Killed Bai Suzhen
 34328 | Elf:1    | Entered Level 1 of the Elven Halls
 34673 | Elf:1    | Found a runed translucent door.
 34892 | Elf:1    | Noticed Jeyweruti's ghost (adept HOMo)
 35175 | Elf:1    | Killed Jeyweruti's ghost
 35447 | Elf:2    | Found a runed translucent gate.
 35452 | Elf:2    | Found a runed translucent gate.
 35453 | Elf:2    | Cast into level 2 of the Abyss (a deep elf demonologist)
 35691 | Abyss:3  | Found a shimmering altar of Xom.
 35691 | Abyss:3  | Found a shimmering altar of Xom.
 35691 | Abyss:3  | Found a shimmering altar of Xom.
 35692 | Abyss:3  | Found a shimmering altar of Xom.
 35692 | Abyss:3  | Found a corrupted altar of Lugonu.
 35692 | Abyss:3  | Found a shimmering altar of Xom.
 35692 | Abyss:3  | Found a shimmering altar of Xom.
 35692 | Abyss:3  | Found a shimmering altar of Xom.
 35693 | Abyss:3  | Found a shimmering altar of Xom.
 35693 | Abyss:3  | Found a shimmering altar of Xom.
 35694 | Abyss:3  | Found a shimmering altar of Xom.
 35695 | Abyss:3  | Found a shimmering altar of Xom.
 35695 | Abyss:3  | Found a shimmering altar of Xom.
 35695 | Abyss:3  | Found a shimmering altar of Xom.
 35850 | Elf:2    | Escaped the Abyss
 35990 | Elf:2    | Found a runed translucent gate.
 36128 | Elf:2    | Gained mutation: You regenerate a lot of health from kills.
                  | [demonic ancestry]
 36128 | Elf:2    | Reached XP level 22. HP: 184/184 MP: 37/37
 36328 | Elf:3    | Entered Level 3 of the Elven Halls
 36432 | Elf:3    | Found Utakiori's Weapon Emporium.
 36791 | Elf:3    | Identified The Last Secrets of Theurgy
 36794 | Elf:3    | Identified the Catalogue of Earthen Weightlessness
 36799 | Elf:3    | Identified the Incunabulum of Fascination
 36806 | Elf:3    | Got a coiled pewter ring
 36807 | Elf:3    | Identified the ring "Viatteit" {Fire rPois Str+5 SInv} (You
                  | found it on level 3 of the Elven Halls)
 36905 | Elf:3    | Got a coiled brass ring
 36906 | Elf:3    | Identified the ring "Touckolehi" {rC+ Str+4} (You found it
                  | on level 3 of the Elven Halls)
 37125 | Elf:3    | Found a transporter.
 37159 | Elf:3    | Found a transporter.
 37168 | Elf:3    | Noticed Riboake's ghost (adept DgFi)
 37190 | Elf:3    | Killed Riboake's ghost
 37200 | Elf:3    | Got a pair of steaming gloves
 37201 | Elf:3    | Identified the +2 pair of gloves of Foko {rC+ Str+4} (You
                  | found it on level 3 of the Elven Halls)
 37214 | Elf:3    | Got a bloodstained hat
 37215 | Elf:3    | Identified the +2 hat of Agnosticism {Int+4 Stlth+} (You
                  | found it on level 3 of the Elven Halls)
 37343 | Elf:3    | Found a deep blue altar of Sif Muna.
 37780 | D:9      | Bought a warped plate armour for 924 gold pieces
 37780 | D:9      | Identified the +2 plate armour "Dycwut" {*Corrode rElec rF+
                  | Dex+2} (You bought it in a shop on level 9 of the Dungeon)
 38101 | Depths:1 | Got a crude scale mail
 38102 | Depths:1 | Identified the +4 scale mail of Ramn {rN++} (You found it
                  | on level 1 of the Depths)
 38357 | Depths:1 | Found a gateway to Hell.
 38403 | Depths:1 | Found a one-way gate to the infinite horrors of the Abyss.
 38479 | Depths:1 | Found a gateway to a ziggurat.
 38616 | Depths:1 | Found Geisuoka's Jewellery Shop.
 38617 | Depths:1 | Found Mihyul's Gadget Shoppe.
 38617 | Depths:1 | Found Huetzid's Gadget Shoppe.
 38713 | Depths:2 | Noticed a caustic shrike
 38713 | Depths:2 | Noticed a juggernaut
 38725 | Depths:2 | Killed a caustic shrike
 38729 | Depths:2 | Killed a juggernaut
 38731 | Depths:2 | Gained mutation: Your magical and physical power is greatly
                  | enhanced at high health. [demonic ancestry]
 38731 | Depths:2 | Reached XP level 23. HP: 192/192 MP: 33/39
 38757 | Depths:2 | Found a runed translucent gate.
 38763 | Depths:2 | Noticed SnubMonkey's ghost (adept SpEn)
 38783 | Depths:2 | Found a runed translucent gate.
 38786 | Depths:2 | Found a runed translucent gate.
 38997 | Depths:2 | Found a one-way gate leading to the halls of Pandemonium.
 39116 | Depths:2 | Reached skill level 15 in Fighting
 39118 | Depths:2 | Identified the cursed +2 eveningstar "Erpheenywn" {pain,
                  | +Rage rElec Int-2 Dex+4}
 39782 | Depths:2 | Identified the +9 great sword of Megoan {flame, Dex+5}
 40135 | Depths:2 | Killed SnubMonkey's ghost
 40325 | Depths:3 | Noticed Margery
 40335 | Depths:3 | Killed Margery
 41040 | Depths:3 | Identified the ring of Jiarikh {rN+ MP+9}
 41138 | Depths:3 | Identified the Incunabulum of Limited Liability
 41208 | Depths:3 | Reached XP level 24. HP: 204/204 MP: 39/39
 41436 | Depths:4 | Noticed a juggernaut
 41443 | Depths:5 | Entered Level 5 of the Depths
 42016 | Depths:5 | Reached skill level 27 in Invocations
 42038 | Depths:5 | Found a gate to the Realm of Zot.
 42844 | Depths:4 | Killed a juggernaut
 42851 | Depths:4 | Noticed a juggernaut
 42858 | Depths:4 | Killed a juggernaut
 43422 | Depths:3 | Voluntarily entered the Abyss.
 43504 | Abyss:1  | Reached XP level 25. HP: 206/210 MP: 40/40
 44080 | Abyss:2  | Found a bloodstained altar of Trog.
 44188 | Abyss:2  | Gained mutation: Your spells are a little easier to cast,
                  | but a little less powerful. [a neqoxec]
 44612 | Abyss:4  | Paralysed by accursed screaming for 1 turns
 44613 | Abyss:4  | Gained mutation: You tend to lose your temper in combat. [a
                  | neqoxec]
 44614 | Abyss:4  | Gained mutation: You are extremely frail. (-30% HP) [a
                  | neqoxec]
 44618 | Abyss:4  | Paralysed by accursed screaming for 1 turns
 44618 | Abyss:4  | Gained mutation: Your body sometimes deteriorates upon
                  | taking damage. [a neqoxec]
 44758 | Abyss:4  | Gained mutation: Scrolls take you a little longer to read.
                  | [a neqoxec]
 44998 | Abyss:4  | Gained mutation: Potions are less effective at restoring
                  | your health. [a neqoxec]
 45000 | Abyss:4  | Gained mutation: Your magical capacity is low. (-10% MP) [a
                  | neqoxec]
 45285 | Abyss:4  | Gained mutation: You are completely covered in sharp
                  | spines. [demonic ancestry]
 45285 | Abyss:4  | Reached XP level 26. HP: 197/197 MP: 36/36
 45524 | Abyss:4  | Got an abyssal rune of Zot
 45562 | Depths:3 | Escaped the Abyss
 45685 | Depths:1 | Lost mutation: Your muscles are strong. (Str +2) [potion of
                  | mutation]
 45685 | Depths:1 | Lost mutation: You are frail. (-10% HP) [potion of
                  | mutation]
 45685 | Depths:1 | Lost mutation: Your spells are a little easier to cast, but
                  | a little less powerful. [potion of mutation]
 45825 | Orc:2    | Lost mutation: Scrolls take you a little longer to read.
                  | [potion of mutation]
 45825 | Orc:2    | Lost mutation: You tend to lose your temper in combat.
                  | [potion of mutation]
 45825 | Orc:2    | Lost mutation: Your magical capacity is low. (-10% MP)
                  | [potion of mutation]
 45825 | Orc:2    | Lost mutation: Your body sometimes deteriorates upon taking
                  | damage. [potion of mutation]
 45825 | Orc:2    | Gained mutation: Your magical capacity is low. (-10% MP)
                  | [potion of mutation]
 45825 | Orc:2    | Gained mutation: Your spells are a little harder to cast,
                  | but a little more powerful. [potion of mutation]
 45826 | Orc:2    | Lost mutation: Potions are less effective at restoring your
                  | health. [potion of mutation]
 45826 | Orc:2    | Lost mutation: Your spells are a little harder to cast, but
                  | a little more powerful. [potion of mutation]
 45826 | Orc:2    | Lost mutation: Your magical capacity is low. (-10% MP)
                  | [potion of mutation]
 45826 | Orc:2    | Gained mutation: You expend magic power (3 MP) to
                  | strengthen your wands. [potion of mutation]
 45826 | Orc:2    | Gained mutation: Your flesh is heat resistant. (rF+)
                  | [potion of mutation]
 45826 | Orc:2    | Gained mutation: Your mind is acute. (Int +2) [potion of
                  | mutation]
 46050 | Slime:1  | Entered Level 1 of the Pits of Slime
 46052 | Slime:1  | Gained mutation: Your mind is very acute. (Int +4) [a
                  | shining eye]
 46256 | Slime:5  | Entered Level 5 of the Pits of Slime
 46334 | Slime:5  | Noticed the Royal Jelly
 46454 | Slime:3  | Gained mutation: You occasionally shout uncontrollably at
                  | your foes. [a shining eye]
 46457 | Slime:3  | Gained mutation: Your body sometimes deteriorates upon
                  | taking damage. [a shining eye]
 46539 | Slime:5  | Gained mutation: Scrolls take you a little longer to read.
                  | [a shining eye]
 46550 | Slime:5  | Gained mutation: You sometimes yell uncontrollably at your
                  | foes. [a shining eye]
 46856 | Slime:4  | You fall into a shaft and drop 1 floor!
 46865 | Slime:5  | Found a viscous altar of Jiyva.
 46890 | Slime:5  | Lost mutation: Your mind is very acute. (Int +4) [a shining
                  | eye]
 46920 | Slime:5  | Killed the Royal Jelly
 46920 | Slime:5  | Reached skill level 27 in Evocations
 47002 | Slime:5  | Got a translucent silver ring
 47018 | Slime:5  | Identified the ring of Topruug {rElec Str+7 Dex+4 SInv
                  | Stlth+} (You found it on level 5 of the Pits of Slime)
 47044 | Slime:5  | Identified the Tome of Harmful Darkness
 47051 | Slime:5  | Identified the amulet of Abowusk {Spirit rElec rF+ Int+2
                  | Stlth+} (You found it on level 5 of the Pits of Slime)
 47061 | Slime:5  | Got a slimy rune of Zot
 47452 | Slime:3  | Gained mutation: You are clumsy. (Dex -2) [a shining eye]
 47454 | Slime:3  | Gained mutation: You are frail. (-10% HP) [a shining eye]
 47486 | Slime:1  | Gained mutation: You tend to lose your temper in combat. [a
                  | shining eye]
 47656 | Shoals:3 | Bought a potion of mutation for 120 gold pieces
 47656 | Shoals:3 | Bought a potion of curing for 45 gold pieces
 47656 | Shoals:3 | Bought a potion of curing for 45 gold pieces
 47656 | Shoals:3 | Bought a potion of might for 60 gold pieces
 47656 | Shoals:3 | Bought a potion of agility for 60 gold pieces
 47656 | Shoals:3 | Bought a potion of invisibility for 120 gold pieces
 47656 | Shoals:3 | Bought a potion of flight for 45 gold pieces
 47696 | Shoals:3 | Bought a potion of curing for 33 gold pieces
 47696 | Shoals:3 | Bought 2 potions of curing for 66 gold pieces
 47696 | Shoals:3 | Bought a potion of might for 44 gold pieces
 47696 | Shoals:3 | Bought a potion of curing for 33 gold pieces
 47696 | Shoals:3 | Bought a potion of haste for 110 gold pieces
 47696 | Shoals:3 | Bought 2 potions of heal wounds for 110 gold pieces
 47696 | Shoals:3 | Bought a potion of invisibility for 88 gold pieces
 47696 | Shoals:3 | Bought 2 potions of might for 88 gold pieces
 47696 | Shoals:3 | Bought a potion of invisibility for 88 gold pieces
 48201 | Vaults:4 | Lost mutation: You expend magic power (3 MP) to strengthen
                  | your wands. [potion of mutation]
 48201 | Vaults:4 | Lost mutation: You are frail. (-10% HP) [potion of
                  | mutation]
 48201 | Vaults:4 | Lost mutation: You are clumsy. (Dex -2) [potion of
                  | mutation]
 48201 | Vaults:4 | Lost mutation: You sometimes yell uncontrollably at your
                  | foes. [potion of mutation]
 48201 | Vaults:4 | Gained mutation: You have a pair of small horns on your
                  | head. [potion of mutation]
 48201 | Vaults:4 | Gained mutation: You are resistant to hostile enchantments.
                  | (MR+) [potion of mutation]
 48203 | Vaults:5 | Entered Level 5 of the Vaults
 48228 | Vaults:5 | Reached XP level 27. HP: 219/232 MP: 33/40
 48265 | Vaults:5 | Identified the +6 broad axe of Thoughtfulness {pain, rF+
                  | MR+}
 48445 | Vaults:5 | Identified the +4 leather armour of Okawaru's Displeasure
                  | {MR- rCorr Str+9 Dex-4}
 48836 | Vaults:5 | Got a silver rune of Zot
 49023 | Vaults:5 | Identified Jiarywoefo's Disquisition on Orientation
 49033 | Vaults:5 | Got a scintillating granite ring
 49072 | Vaults:5 | Reached skill level 1 in Spellcasting
 49072 | Vaults:5 | Reached skill level 1 in Fire Magic
 49315 | Vaults:5 | Identified the ring "Gogrixel" {MR+ MP-9 Str+2 Int+6} (You
                  | found it on level 5 of the Vaults)
 49809 | Zot:1    | Entered Level 1 of the Realm of Zot
 49862 | Zot:1    | Reached skill level 5 in Shields
 50120 | Zot:1    | Cast into level 2 of the Abyss (black draconian)
 50174 | Abyss:2  | Found a corrupted altar of Lugonu.
 50175 | Abyss:2  | Found a shimmering altar of Xom.
 50281 | Zot:1    | Escaped the Abyss
 50292 | Zot:1    | Reached skill level 10 in Shields
 50413 | Zot:1    | Identified the +4 dragonskin cloak
 50413 | Zot:1    | Identified the amulet "Namonwar" {Harm *Drain Fragile rF++
                  | rN+ Slay+4}
 50413 | Zot:1    | Noticed Tiamat
 50742 | Zot:1    | Killed Tiamat
 50783 | Zot:1    | Lost mutation: Scrolls take you a little longer to read.
                  | [potion of mutation]
 50783 | Zot:1    | Lost mutation: You have a pair of small horns on your head.
                  | [potion of mutation]
 50783 | Zot:1    | Gained mutation: You have supernaturally acute eyesight.
                  | (SInv) [potion of mutation]
 50783 | Zot:1    | Gained mutation: You have a pair of small antennae on your
                  | head. [potion of mutation]
 50880 | Zot:1    | Identified Sif Muna's Handbook of Evil Flight
 52065 | Zot:3    | Reached skill level 15 in Shields
 52681 | Zot:4    | Found a transporter.
 52892 | Zot:4    | Reached skill level 5 in Spellcasting
 52892 | Zot:4    | Reached skill level 5 in Fire Magic
 53218 | Zot:4    | Found a transporter.
 53219 | Zot:4    | Found the amulet of Vitality {Regen+ HP+15}
 53407 | Zot:4    | Noticed an ancient lich
 53411 | Zot:4    | Noticed an ancient lich
 53415 | Zot:4    | Killed an ancient lich
 53415 | Zot:4    | Killed an ancient lich
 53513 | Zot:4    | Identified the ring of Gyppud {rC+ MR+ Str+3 Int+3} (You
                  | found it on level 4 of the Realm of Zot)
 53544 | Zot:4    | Identified the amulet "Paubluim" {Acrobat Dex+6} (You found
                  | it on level 4 of the Realm of Zot)
 53611 | Zot:5    | Entered Level 5 of the Realm of Zot
 53812 | Zot:4    | Learned a level 9 spell: Fire Storm
 54114 | Zot:5    | Noticed an ancient lich
 54125 | Zot:5    | Killed an ancient lich
 54125 | Zot:5    | Reached skill level 10 in Spellcasting
 54125 | Zot:5    | Reached skill level 10 in Fire Magic
 54143 | Zot:5    | Noticed an orb of fire
 54143 | Zot:5    | Gained mutation: You often lose your temper in combat. [an
                  | orb of fire]
 54149 | Zot:5    | Gained mutation: You sometimes yell uncontrollably at your
                  | foes. [an orb of fire]
 54152 | Zot:5    | Lost mutation: You have supernaturally acute eyesight.
                  | (SInv) [an orb of fire]
 54156 | Zot:5    | Noticed an orb of fire
 54167 | Zot:5    | Noticed an ancient lich
 54168 | Zot:5    | Killed an orb of fire
 54172 | Zot:5    | Noticed an ancient lich
 54181 | Zot:5    | Killed an orb of fire
 54182 | Zot:5    | Noticed an ancient lich
 54186 | Zot:5    | Noticed an ancient lich
 54268 | Zot:5    | Noticed an ancient lich
 54283 | Zot:5    | Killed an ancient lich
 54315 | Zot:5    | Noticed an orb of fire
 54319 | Zot:5    | Gained mutation: Scrolls take you a little longer to read.
                  | [an orb of fire]
 54336 | Zot:5    | Killed an orb of fire
 54346 | Zot:5    | Killed an ancient lich
 54418 | Zot:5    | Killed an ancient lich
 54427 | Zot:5    | Killed an ancient lich
 54436 | Zot:5    | Killed an ancient lich
 54460 | Zot:5    | Noticed an ancient lich
 54462 | Zot:5    | Lost mutation: You have a pair of small antennae on your
                  | head. [potion of mutation]
 54462 | Zot:5    | Lost mutation: You often lose your temper in combat.
                  | [potion of mutation]
 54462 | Zot:5    | Lost mutation: You tend to lose your temper in combat.
                  | [potion of mutation]
 54462 | Zot:5    | Gained mutation: Your flesh is very heat resistant. (rF++)
                  | [potion of mutation]
 54462 | Zot:5    | Gained mutation: Your spells are a little easier to cast,
                  | but a little less powerful. [potion of mutation]
 54462 | Zot:5    | Gained mutation: You evolve. [potion of mutation]
 54472 | Zot:5    | Mangled by an Orb Guardian

Levels and vault maps discovered:
D:1:      minmay_arrival_stone_box, layout_basic, st_stairs_13
D:2:      layout_loops_ring, nicolae_qazlal_style_of_elements, first_ration
D:3:      layout_loops_ring, portal_sewer_entry_b
D:4:      layout_loops_ring, minmay_pentomino_pile, uniq_eustachio
D:5:      layout_rooms, minitemple, temple_fountains
D:6:      layout_basic, kennysheep_little_box, uniq_pikel
D:7:      layout_loops_corners, enter_bailey_8, fedhas_altar_2, uniq_joseph
D:8:      layout_basic, serial_ice, serial_ice_o, serial_ice_h, serial_ice_i,
          serial_ice_n, uniq_grum, uniq_harold, uniq_erica, uniq_maurice
D:9:      layout_loops_ring, david_lair_generic, ebering_ghost_gozag,
          basic_altar
D:10:     layout_big_octagon, serial_shops, shop, serial_column_ruins,
          column_ruins_hut, column_ruins_open_tiny, column_ruins_grid_1,
          column_ruins_open_medium, column_ruins_grid_2, column_ruins_grid_1
D:11:     layout_rooms
D:12:     layout_loops_ring, orc_0_dummy
D:13:     nzn_motion_control, layout_grid_maze, serial_shops,
          nicolae_shop_statue_plus
D:14:     layout_basic, skrybe_vaults_entry_preservation, grunt_decor_clamped,
          biasface_ghost_orc_armoury
D:15:     grunt_enter_depths_magical_seal, layout_loops_ring, basic_altar
Lair:1:   layout_regular_city, gammafunk_ghost_berserking_beasts, uniq_urug
Lair:2:   layout_cave_pods, minmay_snake_entry_guardpost_medium,
          portal_ice_cave_entry_imps, ebering_ghost_funeral_grove,
          nicolae_quartered_pool_medium, infiniplex_staircase_pool_2
Lair:3:   layout_loops_ring, st_stairs_12, guppyfry_lair_drakes,
          grunt_megastairs_3
Lair:4:   layout_cave_pods, minmay_shoals_entry_centaurs
Lair:5:   layout_cave_shapes, dpeg_slime_entry_corner, bobbens_ice_dragon_lair,
          lemuel_fruit_fields
Lair:6:   minmay_lair_end_enchanted_forest, layout_small_grid,
          chequers_serial_rivers_marsh, grunt_megastairs_4, uniq_nessos
Shoals:1: layout_shoals, serial_shops, nicolae_shop_crystal,
          hangedman_shoals_cup_caves
Shoals:2: layout_shoals
Shoals:3: layout_shoals, serial_shops, bzr_entry_dummy, nicolae_shop_stone,
          shop, shop, st_cyclops, uniq_mara
Shoals:4: shoals_end_grunt_ice, layout_shoals
Snake:1:  gammafunk_the_bubble [the_bubble_gammafunk_crates], layout_basic,
          uniq_rupert, uniq_aizul, uniq_nikola, uniq_kirke, uniq_jorgrun,
          uniq_azrael
Snake:2:  layout_misc_corridors, grunt_megastairs_2, uniq_vashnia, uniq_donald
Snake:3:  layout_misc_corridors, uniq_louise
Snake:4:  snake_pit_salamanders_mu, layout_misc_corridors, st_stairs_13,
          grunt_ministairs_9, uniq_roxanne
Slime:1:  layout_caves
Slime:2:  layout_caves
Slime:3:  nicolae_slime_jelly_donut, layout_caves, uniq_dissolution
Slime:4:  layout_caves
Slime:5
Orc:1:    layout_caves, mines2_david, uniq_nergalle
Orc:2:    st_orc_mages, layout_diamond_mine, ebering_ghost_rock_garden
Elf:1:    layout_loops_cross, ebering_ghost_reflecting_pool, minivault_28
Elf:2:    layout_loops_cross, hangedman_elf_represent
Elf:3:    minmay_elf_hall_dome, layout_loops_cross,
          gammafunk_ghost_berserking_beasts, serial_shops, shop_coins,
          lemuel_blue_sif_altar
Vaults:1: v_pattern_4, v_misc_27, hangedman_vaults_nails, v_misc_31,
          vaults_room_guarded_vault, layout_vaults_omnigrid
Vaults:2: v_misc_2, nicolae_vaults_little_squares_1, vaults_standard_mumra_x,
          nicolae_vaults_inception_scallops, grunt_vaults_trifunnel,
          nicolae_vaults_ninety_degrees, v_misc_1,
          ontoclasm_vaults_decontamination, v_alt_pattern_2, vaults_mumra_lcd,
          sword_in_stone, nicolae_vaults_specimen_jars, vaults_room_hallway,
          layout_vaults_maze, uniq_boris, uniq_jory
Vaults:3: minmay_crypt_entry_necro_gods, ontoclasm_vaults_loading_screen,
          nicolae_vaults_windows_and_doors_thing, hangedman_vaults_slice,
          nicolae_vaults_yaktaur_gun_rack, nicolae_vaults_mini_display_case,
          ontoclasm_vaults_claustrophobia, hangedman_vaults_snaps,
          nicolae_vaults_diagonal_hallway_7, nicolae_vaults_diagonal_hallway_9,
          layout_vaults_big_room
Vaults:4: ontoclasm_vaults_eye, v_misc_2, hangedman_vaults_capsules,
          v_alt_pattern_4, nicolae_vaults_asterisk, v_misc_27,
          vaults_mumra_hexcomb, grunt_vaults_hallway_long,
          ontoclasm_vaults_pinch, nicolae_vaults_angled_halls,
          ontoclasm_vaults_spin, layout_vaults_ring
Vaults:5
Depths:1: layout_basic, enter_ziggurat_b,
          nicolae_abyss_entry_one_way_or_another, grunt_hell_entry_dis_grunt,
          minmay_three_doors, minmay_shop_grove, uniq_bai_suzhen
Depths:2: minmay_skeleton_keep, layout_gridlike, biasface_ghost_demon_polymorph,
          hell_entry, chequers_serial_rivers_micro_b, rand_demon_pan_entry_9,
          evilmike_ambush [evilmike_ambush_outer_basic,
          evilmike_ambush_inner_basic], infiniplex_staircase_zigzag_3
Depths:3: minmay_stepped, layout_gridville, pan_entry, hell_entry, abyss_entry,
          kennysheep_small_spiral, uniq_margery
Depths:4: minmay_sliced_demisemicircle, layout_basic, minmay_crystal_water,
          grunt_pan_entry_sceptre, abyss_entry, pf_dread_powers_of_hell,
          serial_bayou_shore_a, firewood_loft
Depths:5: grunt_twist_and_shout, layout_basic, hell_entry, kennysheep_crisscross
Zot:1:    layout_onion, st_grand_hoard_of_tiamat
Zot:2:    layout_onion, lemuel_flame_loot_1
Zot:3:    layout_misc_corridors, st_stairs_1
Zot:4:    gammafunk_dig_for_victory, layout_gridlike
Zot:5:    layout_cathedral_of_symmetry

Skill      XL: |  1  2  3  4  5  6  7  8  9 10 11 12 13 14 15 16 17 18 19 20 21 22 23 24 25 26 27 |
---------------+----------------------------------------------------------------------------------+-----
Polearms       | 3 4 5 6 7 8 9 10 11 12 13 14 15 16 17 | 17.8
Dodging        | 3 4 6 8 9 10 11 12 13 14 | 14.1
Invocations    | 1 3 4 6 8 10 11 13 14 16 17 18 19 20 21 22 23 24 25 27 | 27.0
Fighting       | 3 4 5 6 7 8 9 10 11 12 13 14 15 16 18 23 | 23.0
Armour         | 1 2 3 4 6 8 9 10 11 12 13 14 | 14.1
Evocations     | 4 8 11 13 14 15 16 17 18 19 21 22 25 27 | 27.0
Shields        | 1 2 16 | 16.0
Spellcasting   | 12 | 12.5
Fire Magic     | 12 | 12.7
Throwing       | |  1.7

Action                   |  1- 3 |  4- 6 |  7- 9 | 10-12 | 13-15 | 16-18 | 19-21 | 22-24 | 25-27 || total
-------------------------+-------+-------+-------+-------+-------+-------+-------+-------+-------++-------
Melee: Trident           |   104 |       |       |       |  1013 |  1399 |  1824 |   226 |       ||  4566
       Dagger            |    38 |   214 |   154 |       |       |       |       |       |       ||   406
       Kick              |       |    19 |    75 |   192 |   537 |   484 |   816 |   730 |  1234 ||  4087
       Halberd           |       |       |   123 |   517 |   171 |       |       |       |       ||   811
       Staff             |       |       |       |       |       |       |       |  1148 |  2239 ||  3387
       Headbutt          |       |       |       |       |       |       |       |       |   213 ||   213
Throw: Throwing net      |     2 |     2 |       |       |       |     2 |     1 |       |     1 ||     8
       Dart              |       |       |     6 |       |       |       |       |       |       ||     6
       Boomerang         |       |       |       |     1 |       |       |       |       |       ||     1
Invok: Upheaval          |       |       |     3 |     5 |    15 |    31 |    47 |    23 |    51 ||   175
       Disaster Area     |       |       |       |     1 |     3 |     4 |     1 |     3 |    13 ||    25
Evoke: Wand              |       |       |       |     6 |    10 |    13 |    10 |     1 |    17 ||    57
       Sack of spiders   |       |       |       |       |       |     2 |       |       |       ||     2
  Use: Scroll            |     1 |    13 |    12 |    13 |    11 |    17 |     6 |    12 |    31 ||   116
       Potion            |     1 |       |     5 |    10 |    12 |     8 |     3 |     7 |    31 ||    77
 Stab: Held in net/web   |     1 |       |       |       |       |       |     3 |       |     3 ||     7
       Sleeping          |     1 |       |       |       |       |       |       |       |       ||     1
       Distracted        |       |       |       |     1 |     1 |     2 |       |     1 |       ||     5
       Invisible         |       |       |       |       |    15 |     3 |       |     1 |       ||    19
       Petrified         |       |       |       |       |     3 |       |       |       |       ||     3
  Eat: Chunk             |     1 |     1 |     8 |     9 |    13 |     6 |    11 |    10 |     4 ||    63
       Ration            |       |     2 |     1 |     2 |     5 |     7 |     4 |     6 |     8 ||    35
Armor: Leather armour    |    24 |     7 |       |       |       |       |       |       |       ||    31
       Scale mail        |       |    62 |   101 |   118 |   246 |   280 |   281 |   380 |   359 ||  1827
       Acid dragon scale |       |       |       |       |       |       |       |       |   353 ||   353
Dodge: Dodged            |    66 |    87 |   127 |   190 |   304 |   572 |   671 |   671 |  1271 ||  3959
       Deflected         |       |       |       |    11 |    23 |   123 |    86 |    41 |    83 ||   367
Block: Other             |       |     8 |    40 |   109 |   205 |   254 |   188 |   254 |   361 ||  1419
       Shield            |       |       |       |       |       |   100 |       |       |   766 ||   866
       Reflection        |       |       |       |       |       |    16 |       |       |    15 ||    31

Table legend:
 A = Non-vault XP
 B = Vault XP
 C = Vault XP percentage of total XP
 D = Non-vault monster count
 E = Vault monster count
 F = Vault count percentage of total count
                 A         B        C        D         E       F
            +---------+---------+-------+---------+---------+-------
      Total | 1166797 |  989277 |  45.9 |    1995 |    1097 |  35.5
            +---------+---------+-------+---------+---------+-------
        D:1 |      57 |       2 |   3.4 |      25 |       1 |   3.8
        D:2 |      79 |       0 |   0.0 |      26 |       0 |   0.0
        D:3 |     185 |      29 |  13.6 |      25 |       5 |  16.7
        D:4 |     316 |     365 |  53.6 |      22 |       7 |  24.1
        D:5 |     383 |       0 |   0.0 |       9 |       0 |   0.0
        D:6 |    1760 |     629 |  26.3 |      40 |       1 |   2.4
        D:7 |     433 |     434 |  50.1 |       8 |       1 |  11.1
        D:8 |     490 |    5094 |  91.2 |      11 |      25 |  69.4
        D:9 |    2951 |    3665 |  55.4 |      40 |      10 |  20.0
       D:10 |    3209 |       0 |   0.0 |      21 |       0 |   0.0
       D:11 |     646 |       0 |   0.0 |      13 |       0 |   0.0
       D:12 |    6153 |       0 |   0.0 |      38 |       0 |   0.0
       D:13 |   13176 |    3044 |  18.8 |      43 |       4 |   8.5
       D:14 |    8348 |    8125 |  49.3 |      25 |      24 |  49.0
       D:15 |   12703 |    4103 |  24.4 |      40 |       8 |  16.7
     Lair:1 |    1122 |    3557 |  76.0 |       6 |       6 |  50.0
     Lair:2 |    6990 |    3559 |  33.7 |      24 |      23 |  48.9
     Lair:3 |    2738 |    1003 |  26.8 |      12 |       5 |  29.4
     Lair:4 |    2243 |     456 |  16.9 |       7 |       4 |  36.4
     Lair:5 |    4934 |    1011 |  17.0 |      18 |       4 |  18.2
     Lair:6 |   20940 |   12953 |  38.2 |      49 |      49 |  50.0
   Shoals:1 |   10488 |    5518 |  34.5 |      24 |      11 |  31.4
   Shoals:2 |    8161 |       0 |   0.0 |      19 |       0 |   0.0
   Shoals:3 |   12039 |   13876 |  53.5 |      22 |       9 |  29.0
   Shoals:4 |   15372 |   24271 |  61.2 |      25 |      33 |  56.9
    Snake:1 |   20227 |   28111 |  58.2 |      42 |      34 |  44.7
    Snake:2 |    6088 |   13469 |  68.9 |      10 |      10 |  50.0
    Snake:3 |    9883 |    2462 |  19.9 |      24 |       4 |  14.3
    Snake:4 |   17519 |   56992 |  76.5 |      34 |      79 |  69.9
    Slime:1 |    1045 |       0 |   0.0 |       1 |       0 |   0.0
    Slime:2 |   28154 |       0 |   0.0 |      51 |       0 |   0.0
    Slime:3 |    9091 |     381 |   4.0 |      10 |       9 |  47.4
    Slime:4 |   11861 |    2313 |  16.3 |      20 |       1 |   4.8
    Slime:5 |   19193 |   33637 |  63.7 |      35 |      13 |  27.1
      Orc:1 |    2764 |     828 |  23.1 |      15 |       1 |   6.2
      Orc:2 |     763 |    6814 |  89.9 |      17 |      43 |  71.7
      Elf:1 |   32245 |   11209 |  25.8 |      47 |      13 |  21.7
      Elf:2 |   20278 |    8873 |  30.4 |      33 |      12 |  26.7
      Elf:3 |   19661 |   51646 |  72.4 |      33 |      40 |  54.8
   Vaults:1 |   13348 |   20992 |  61.1 |      37 |      28 |  43.1
   Vaults:2 |   20303 |   33341 |  62.2 |      38 |      33 |  46.5
   Vaults:3 |   21075 |   19302 |  47.8 |      39 |      23 |  37.1
   Vaults:4 |   34950 |   19071 |  35.3 |      51 |      30 |  37.0
   Vaults:5 |   65307 |  142439 |  68.6 |      68 |      98 |  59.0
   Depths:1 |   47375 |   10060 |  17.5 |      59 |       6 |   9.2
   Depths:2 |   41966 |   83262 |  66.5 |      52 |      89 |  63.1
   Depths:3 |   32694 |   25865 |  44.2 |      43 |      17 |  28.3
   Depths:4 |   40309 |   27468 |  40.5 |      44 |      11 |  20.0
   Depths:5 |   55525 |   19728 |  26.2 |      39 |      15 |  27.8
      Zot:1 |   62931 |   59628 |  48.7 |      46 |      25 |  35.2
      Zot:2 |   45270 |       0 |   0.0 |      29 |       0 |   0.0
      Zot:3 |   48601 |    5525 |  10.2 |      28 |       2 |   6.7
      Zot:4 |   47734 |   51717 |  52.0 |      20 |      24 |  54.5
      Zot:5 |   30126 |  124515 |  80.5 |      19 |      29 |  60.4
    Abyss:1 |   42676 |    1094 |   2.5 |      87 |       2 |   2.2
    Abyss:2 |   34832 |    1909 |   5.2 |      63 |       6 |   8.7
    Abyss:3 |   29828 |     223 |   0.7 |      49 |       1 |   2.0
    Abyss:4 |  117259 |   20274 |  14.7 |     220 |      34 |  13.4
      Sewer |       0 |     174 | 100.0 |       0 |      48 | 100.0
     Bailey |       0 |     356 | 100.0 |       0 |      34 | 100.0
      IceCv |       0 |   13905 | 100.0 |       0 |      53 | 100.0
            +---------+---------+-------+---------+---------+-------
